 Dungeon Crawl Stone Soup version 0.24.0-125-gc4c63601f3 (webtiles) character file.

Game seed: 7057539902642389065, levelgen mode: deterministic

178 LraC the Grave Robber (level 5, -1/36 HPs)
             Began as a Demonspawn Necromancer on Mar 4, 2020.
             Killed from afar by a dream sheep (19 damage)
             ... with an exploding inner flame
             ... on level 4 of the Dungeon.
             The game lasted 00:38:30 (2614 turns).

LraC the Grave Robber (Demonspawn Necromancer)      Turns: 2614, Time: 00:38:30

Health: -1/36      AC:  2    Str:  8    XL:     5   Next: 32%
Magic:  1/10       EV: 12    Int: 18    God:
Gold:   196        SH:  0    Dex: 17    Spells: 2/10 levels left

rFire    . . .     SeeInvis .   k - +6 dagger (venom)
rCold    . . .     Gourm    .   (no shield)
rNeg     . . .     Faith    .   a - +0 robe
rPois    .         Spirit   .   (no helmet)
rElec    .         Reflect  .   (no cloak)
rCorr    .         Harm     .   (no gloves)
MR       .....                  (no boots)
Stlth    ++........             (no amulet)
HPRegen  1.12/turn              g - +4 ring of dexterity
MPRegen  0.12/turn              (no ring)

@: sleeping, regenerating (expiring)
A: talons 1, spiny 1
a: no special abilities


You were on level 4 of the Dungeon.
You were not hungry.

You visited 1 branch of the dungeon, and saw 4 of its levels.

You collected 196 gold pieces.

Inventory:

Hand Weapons
 e - a +1 club
 f - a +0 club
 h - a +0 short sword
 j - a +0 whip
 k - a +6 dagger of venom (weapon)
 r - a +0 dagger
 s - a +0 club
 u - a +0 club
 w - a +0 dagger
 y - a +0 club
 z - a +0 whip
 B - a +0 short sword
 C - a +0 whip
 D - a +0 whip
 F - a +0 dagger
 I - a +2 quarterstaff of chaos
 L - a +0 mace
 O - a +0 mace
 Q - a +0 whip
 S - a +0 trident
 U - a +0 hand axe
Missiles
 b - 51 bolts
 i - 11 poisoned darts
 m - 60 stones (quivered)
Armour
 a - a +0 robe (worn)
 l - a +0 robe
 o - a +0 leather armour
 p - a +0 leather armour
 q - a cursed +0 plate armour
 t - a +0 robe
 x - a +0 robe
 E - a +0 leather armour
 J - a +0 cloak
 N - a +0 robe
 P - a +0 robe
 T - a +0 leather armour
 V - a +0 chain mail
Jewellery
 g - a +4 ring of dexterity (left hand)
 M - an uncursed ring of attention
Scrolls
 n - 2 scrolls of identify
 v - a scroll of teleportation
 K - a scroll of amnesia
Potions
 d - a potion of brilliance
 A - a potion of agility
 G - a potion of might
 H - a potion of cancellation
 W - a potion of mutation {unknown}
Comestibles
 c - 4 rations
 R - 10 chunks of flesh


   Skills:
 + Level 0.5 Fighting
 + Level 0.6 Short Blades
 + Level 1.9 Dodging
 + Level 2.4 Stealth
 + Level 3.3 Spellcasting
 + Level 0.2 Charms
 + Level 5.8 Necromancy


You had 2 spell levels left.
You knew the following spells:

 Your Spells              Type           Power        Failure   Level  Hunger
a - Pain                  Necr           ###.         1%          1    None
b - Animate Skeleton      Necr           N/A          1%          1    None
c - Regeneration          Chrm/Necr      ##........   14%         3    ###....
d - Vampiric Draining     Necr           ###.......   4%          3    ###....

Your spell library contained the following spells:

 Spells                   Type           Power        Failure   Level  Hunger
 Apportation              Tloc           #.....       16%         1    None
 Confusing Touch          Hex            #.....       16%         1    None
 Summon Small Mammal      Summ           #...         16%         1    None
 Animate Dead             Necr           N/A          14%         4    ####...


Dungeon Overview and Level Annotations

Branches:
Dungeon (4/15)
 Temple: D:4-7

Altars:
Xom


Innate Abilities, Weirdness & Mutations

You have sharp toenails.
You are partially covered in sharp spines.


Message History

The dream sheep explodes!
The fiery explosion engulfs the dream sheep!!
The dream sheep explodes!
The fiery explosion engulfs the dream sheep!!!
The dream sheep explodes!
The dream sheep shake their wool and sparkle.
You feel drowsy...
You fall asleep.
Your orc skeleton hits the dream sheep.
Your orc skeleton barely misses the dream sheep.
The dream sheep burns! x2
The dream sheep explodes!
The fiery explosion engulfs your frilled lizard skeleton!!
Your frilled lizard skeleton is destroyed!
The fiery explosion engulfs your orc skeleton!!
Your orc skeleton is destroyed!
The fiery explosion engulfs your orc skeleton!!
Your orc skeleton is destroyed!
The fiery explosion engulfs you!!
Ouch! That really hurt!
You die...

.......####......#
.....#.........#.#.#
......###.....Y§§§.#
...............§§§.##### #
.....####......§§§§#... .#
####............§§§#.###.#
.........#..§§§.§.§......#
.>##........§.§........#.#
#.#..##..§@§......>...# #
#.......%%..........#
##..................#
#.##.##.##.####.#..#
+#.##............#..#
............###..#..#
.......#.####....#..#
...###....# #.#.....# ##+#
#..######.#####.#


You could see a dream sheep (inner flame).

Vanquished Creatures
  An orc priest (D:4)
  Crazy Yiuf (D:3)
  An iguana (D:4)
  Natasha (D:2)
  2 adders
  2 worms
  2 dart slugs
  2 leopard geckos (D:1)
  3 orcs
  2 giant cockroaches (D:3)
  3 goblins
  A hobgoblin (D:2)
  9 jackals
  A quokka (D:2)
  2 bats (D:2)
  4 frilled lizards
  3 kobolds
  2 rats
  2 fungi (D:3)
44 creatures vanquished.

Vanquished Creatures (collateral kills)
  An orc (D:4)
1 creature vanquished.

Vanquished Creatures (others)
  3 dream sheep (D:4)
3 creatures vanquished.

Grand Total: 48 creatures vanquished

Notes
Turn   | Place    | Note
-------+----------+-------------------------------------------
     0 | D:1      | LraC the Demonspawn Necromancer began the quest for the
                  | Orb.
     0 | D:1      | Reached XP level 1. HP: 13/13 MP: 3/3
    17 | D:1      | Learned a level 1 spell: Animate Skeleton
   334 | D:1      | Gained mutation: You are partially covered in sharp spines.
                  | [demonic ancestry]
   334 | D:1      | Reached XP level 2. HP: 16/19 MP: 0/5
  1140 | D:2      | Noticed Natasha
  1145 | D:2      | Killed Natasha
  1145 | D:2      | Reached skill level 5 in Necromancy
  1145 | D:2      | Reached XP level 3. HP: 17/24 MP: 3/6
  1247 | D:2      | Learned a level 3 spell: Regeneration
  1924 | D:3      | Gained mutation: You have sharp toenails. [demonic
                  | ancestry]
  1924 | D:3      | Reached XP level 4. HP: 8/31 MP: 4/8
  1930 | D:3      | Learned a level 3 spell: Vampiric Draining
  2115 | D:3      | Found a runed translucent door.
  2116 | D:3      | Noticed Crazy Yiuf
  2123 | D:3      | Killed Crazy Yiuf
  2519 | D:4      | Reached XP level 5. HP: 31/36 MP: 4/9
  2543 | D:4      | HP: 1/36 [orc/+0 hand axe (2)]
  2609 | D:4      | Noticed a dream sheep
  2609 | D:4      | Noticed a dream sheep
  2609 | D:4      | Noticed a dream sheep
  2609 | D:4      | Noticed a dream sheep
  2609 | D:4      | Noticed a dream sheep
  2609 | D:4      | Found a shimmering altar of Xom.
  2613 | D:4      | Killed a dream sheep
  2613 | D:4      | Killed a dream sheep
  2613 | D:4      | Killed a dream sheep
  2614 | D:4      | Killed a dream sheep
  2614 | D:4      | Killed from afar by a dream sheep

Levels and vault maps discovered:
D:1:      minmay_arrival_four_loops, layout_loops_corners
D:2:      layout_basic, nrook_uturn, minmay_pentomino_v2, uniq_natasha
D:3:      layout_loops_corners, uniq_crazy_yiuf_cottage
D:4:      layout_basic, first_ration, kb_xom_exploding_sheep

Skill      XL: |  1  2  3  4 |
---------------+-------------+-----
Necromancy     | 5 |  5.8
Stealth        | 2 |  2.4
Spellcasting   | 3 |  3.3
Fighting       | |  0.5
Short Blades   | |  0.6
Dodging        | |  1.9
Charms         | |  0.2

Action                   |  1- 3 |  4- 6 || total
-------------------------+-------+-------++-------
Melee: Club              |     1 |       ||     1
       Dagger            |    23 |    30 ||    53
       Kick              |       |    13 ||    13
 Cast: Pain              |    32 |    20 ||    52
       Animate Skeleton  |    15 |     6 ||    21
       Regeneration      |     2 |     2 ||     4
  Use: Scroll            |    13 |     2 ||    15
       Potion            |     5 |     3 ||     8
 Stab: Distracted        |     1 |       ||     1
       Sleeping          |       |     2 ||     2
  Eat: Chunk             |     4 |     3 ||     7
Armor: Robe              |     4 |     2 ||     6
Dodge: Dodged            |    17 |    27 ||    44
